Map: Galactic Process LE

Players

Bones

  • Race: Protoss Protoss
  • Spawn Location: 7:00

Amix - Winner!

  • Race: Protoss Protoss
  • League: Platinum
  • Spawn Location: 1:00

VOD

Have the link to the VOD?

Description

Time

  • Played on: Nov. 6, 2016, 12:03 p.m.
  • Length: 6:49
Show
View Real Time Build Order
Export as new Build Order

Bones Protoss 

Build Orders:  

Get SALT Encoding   

  12  0:02  Probe (Chrono Boost)  
  13  0:12  Probe (Chrono Boost)  
  14  0:18  Pylon  
  14  0:23  Probe (Chrono Boost)  
  15  0:36  Probe (Chrono Boost)  
  15  0:40  Gateway  
  16  0:47  Probe (Chrono Boost)  
  17  0:50  Assimilator  
  17  0:56  Pylon  
  17  0:59  Probe (Chrono Boost)  
  19  1:11  Probe (Chrono Boost)  
  19  1:23  Assimilator  
  19  1:27  Cybernetics Core  
  19  1:30  Probe (Chrono Boost)  
  20  1:42  Probe (Chrono Boost)  
  21  1:53  Probe (Chrono Boost)  
  22  2:05  Adept  
  24  2:09  Probe (Chrono Boost)  
  25  2:16  Warp Gate (Chrono Boost)  
  25  2:23  Nexus  
  25  2:27  Pylon  
  25  2:32  Probe (Chrono Boost)  
  26  2:40  Adept  
  29  2:51  Mothership Core (Chrono Boost)  
  29  2:57  Gateway  
  29  3:07  Adept  
  31  3:16  Pylon  
  31  3:29  Pylon  
  31  3:30  Probe  
  31  3:33  Probe  
  32  3:35  Adept  
  35  3:45  Zealot  
  37  3:52  Twilight Council  
  37  3:54  Probe  
  37  3:55  Probe  
  39  4:21  Gateway  
  39  4:23  Gateway  
  39  4:25  Probe (Chrono Boost)  
  39  4:26  Probe (Chrono Boost)  
  39  4:31  Dark Shrine  
  41  4:35  Robotics Facility  
  41  4:41  Stalker  
  43  4:51  Stalker  
  45  4:54  Probe (Chrono Boost)  
  45  4:55  Probe (Chrono Boost)  
  45  4:57  Assimilator  
  47  5:05  Probe (Chrono Boost)  
  48  5:07  Charge (Chrono Boost)  
  48  5:19  Zealot  
  48  5:20  Zealot  
  52  5:25  Observer  
  52  5:26  Probe  
  54  5:38  Robotics Bay  
  54  5:40  Probe  
  54  5:41  Probe  
  56  5:47  Assimilator  
  56  5:50  Probe  
  56  5:54  Observer  
  58  6:01  Stalker  
  60  6:08  Zealot  
  60  6:09  Zealot  
  28  6:44  Pylon  
Show
View Real Time Build Order
Export as new Build Order

Amix Protoss - Winner!

Build Orders:  

Get SALT Encoding   

  12  0:02  Probe (Chrono Boost)  
  13  0:15  Pylon  
  13  0:19  Probe (Chrono Boost)  
  14  0:35  Probe (Chrono Boost)  
  15  0:47  Gateway  
  15  0:55  Probe (Chrono Boost)  
  16  1:03  Assimilator  
  16  1:04  Assimilator  
  16  1:20  Pylon  
  16  1:22  Probe (Chrono Boost)  
  17  1:32  Probe (Chrono Boost)  
  18  1:44  Cybernetics Core  
  18  1:48  Gateway  
  18  1:53  Probe (Chrono Boost)  
  19  2:00  Zealot  
  21  2:03  Probe (Chrono Boost)  
  22  2:20  Mothership Core (Chrono Boost)  
  22  2:22  Warp Gate (Chrono Boost)  
  24  2:32  Stalker  
  24  2:36  Adept  
  28  2:41  Pylon  
  28  2:45  Probe  
  29  2:57  Probe  
  30  3:01  Twilight Council  
  30  3:09  Probe  
  31  3:21  Probe  
  31  3:24  Gateway  
  32  3:36  Gateway  
  32  3:43  Adept  
  32  3:45  Adept  
  36  3:54  Pylon  
  36  4:02  Resonating Glaives (Chrono Boost)  
  36  4:12  Gateway  
  36  4:22  Pylon  
  36  4:44  Adept x3  
  36  4:45  Adept  
  44  5:05  Pylon  
  44  5:07  Pylon  
  44  5:09  Adept x2  
  48  5:14  Adept  
  50  5:32  Adept x2  
  50  5:34  Adept  
  56  5:42  Adept  
  42  6:24  Adept x4  
  42  6:25  Adept  
Tags
 
League
Platinum
Matchup
PvP
Spawn Locations
Cross Positions
Add a new tag
Caveats
  • Supply blocks, unpowered buildings, or Contaminate may cause inaccurate times.
  • Supply counts are checked every 10 seconds.